[Event "DVM U16w 2024"]
[Site "Neumuenster"]
[Date "2024.12.29"]
[Round "6"]
[White "Mehner, Clara"]
[Black "Krasikova, Milana"]
[Result "1-0"]
[ECO "B44"]
[WhiteElo "1572"]
[BlackElo "1561"]
[Annotator "NA RC"]
[PlyCount "83"]
[EventDate "2024.12.23"]
[EventType "team-tourn"]
[EventRounds "7"]
[EventCountry "GER"]
[SourceTitle "playchess.com"]
[Source "ChessBase"]
[SourceQuality "1"]
[TimeControl "40/5400+30:1800+30"]

1. e4 c5 2. Nf3 e6 3. d4 cxd4 4. Nxd4 Nc6 5. c4 Nf6 6. f3 Bc5 7. Nb3 Nxe4 8. Qe2 Qh4+ 9. g3 Nxg3 10. hxg3 Bb4+ 11. Bd2 Bxd2+ 12. N1xd2 Qxh1 13. O-O-O b6 14. Ne4 Ba6 15. Ng5 Qh6 16. Qd2 O-O 17. Bd3 f5 18. f4 Rad8 19. Qg2 Qf6 20. Rh1 h6 21. Nf3 d5 22. Qe2 Nb4 23. Nbd4 Nxd3+ 24. Qxd3 Bxc4 25. Qa3 a5 26. Kb1 g5 27. fxg5 hxg5 28. Qe3 e5 29. Nc2 d4 30. Qd2 g4 31. Ng5 e4 32. Nh7 Qg7 33. Nxf8 Kxf8 34. Rh5 Be6 35. b3 d3 36. Ne3 Qg6 37. Rh1 Qg5 38. Rh8+ Ke7 39. Nd5+ Rxd5 40. Qxg5+ Kd6 41. Rd8+ Ke5 42. Qg7# 1-0

[Event "DVM U16w 2024"]
[Site "Neumuenster"]
[Date "2024.12.29"]
[Round "6"]
[White "Eger, Nora"]
[Black "Artemenko, Isabella"]
[Result "1/2-1/2"]
[ECO "A08"]
[WhiteElo "1570"]
[BlackElo "1583"]
[Annotator "NA RC"]
[PlyCount "97"]
[EventDate "2024.12.23"]
[EventType "team-tourn"]
[EventRounds "7"]
[EventCountry "GER"]
[SourceTitle "playchess.com"]
[Source "ChessBase"]
[SourceQuality "1"]
[TimeControl "40/5400+30:1800+30"]

1. Nf3 d5 2. g3 c5 3. Bg2 Nc6 4. d3 e5 5. O-O Nf6 6. e4 d4 7. Nbd2 Bd6 8. Nc4 Bc7 9. Qe2 O-O 10. Nh4 Bg4 11. Qe1 Bd7 12. f4 exf4 13. Bxf4 Bxf4 14. gxf4 Nb4 15. Qe2 Rb8 16. f5 Ne8 17. Nf3 Qc7 18. a3 Nc6 19. Qf2 h6 20. Qg3 Qxg3 21. hxg3 b5 22. Nce5 Nxe5 23. Nxe5 Bc8 24. Nc6 Rb7 25. Na5 Rc7 26. Nb3 Nf6 27. Bh3 Rd8 28. Rac1 c4 29. Nd2 Bb7 30. g4 Rdc8 31. Rcd1 Rd8 32. Nf3 c3 33. b3 a5 34. g5 hxg5 35. Nxg5 Nh7 36. Nxh7 Kxh7 37. Rf2 Rc6 38. Rh2 Rh6 39. Bg2 Rxh2 40. Kxh2 Rh8 41. Rg1 f6 42. Kg3 Re8 43. Rh1+ Kg8 44. Bf3 Re5 45. Kf4 Bc6 46. Ra1 Bd7 47. Bg4 Bc6 48. Bf3 Bd7 49. Bg4 1/2-1/2

[Event "DVM U16w 2024"]
[Site "Neumuenster"]
[Date "2024.12.29"]
[Round "6"]
[White "Koeppel, Clementine"]
[Black "Wu, Zixuan Anja"]
[Result "1-0"]
[ECO "C10"]
[WhiteElo "1555"]
[BlackElo "1089"]
[Annotator "NA RC"]
[PlyCount "113"]
[EventDate "2024.12.23"]
[EventType "team-tourn"]
[EventRounds "7"]
[EventCountry "GER"]
[SourceTitle "playchess.com"]
[Source "ChessBase"]
[SourceQuality "1"]
[TimeControl "40/5400+30:1800+30"]

1. e4 e6 2. d4 d5 3. Nc3 dxe4 4. Nxe4 Nf6 5. Bd3 Be7 6. Nf3 Nbd7 7. c3 b6 8. Qc2 Bb7 9. O-O O-O 10. Nxf6+ Nxf6 11. Ng5 g6 12. Bf4 Qd5 13. f3 Nh5 14. Nxh7 Nxf4 15. Be4 Qh5 16. Bxb7 Qxh7 17. Bxa8 Rxa8 18. Qe4 Rd8 19. Qxf4 Bd6 20. Qg5 Qxh2+ 21. Kf2 Bg3+ 22. Qxg3 Qxg3+ 23. Kxg3 c5 24. dxc5 bxc5 25. Rfd1 Rb8 26. b3 Kf8 27. Rd7 a5 28. Rc7 Ra8 29. Rxc5 Ke7 30. Rd1 f5 31. Kf4 a4 32. b4 Kf6 33. g4 g5+ 34. Ke3 f4+ 35. Ke4 Rh8 36. Rd2 Ra8 37. Rh2 Rd8 38. Ra5 a3 39. Rxa3 Rd5 40. Ra5 Rd1 41. Rh6+ Ke7 42. Rxg5 Re1+ 43. Kxf4 Re2 44. Re5 Rxe5 45. Kxe5 Kd7 46. g5 Kc6 47. g6 Kb5 48. g7 Ka4 49. g8=Q Ka3 50. Qa8+ Kb2 51. Rh2+ Kxc3 52. Kf6 Kc4 53. Rd2 Kc3 54. Rd7 Kc4 55. Qc6+ Kxb4 56. Rb7+ Ka5 57. Qb5# 1-0

[Event "DVM U16w 2024"]
[Site "Neumuenster"]
[Date "2024.12.29"]
[Round "6"]
[White "Weidner, Marit"]
[Black "Blome, Antonia"]
[Result "1-0"]
[ECO "B47"]
[WhiteElo "1553"]
[BlackElo "1228"]
[Annotator "NA RC"]
[PlyCount "117"]
[EventDate "2024.12.23"]
[EventType "team-tourn"]
[EventRounds "7"]
[EventCountry "GER"]
[SourceTitle "playchess.com"]
[Source "ChessBase"]
[SourceQuality "1"]
[TimeControl "40/5400+30:1800+30"]

1. e4 c5 2. Nf3 e6 3. d4 cxd4 4. Nxd4 Nc6 5. Nc3 Qc7 6. Nf3 Nf6 7. Bc4 Bc5 8. Qe2 d6 9. Be3 Bb4 10. Bd2 a6 11. a3 Bc5 12. O-O O-O 13. Rad1 b5 14. Bb3 Bb7 15. Bf4 Rad8 16. e5 dxe5 17. Nxe5 Nd4 18. Qe1 Qe7 19. Ne2 Nxe2+ 20. Qxe2 Nd5 21. Bxd5 Bxd5 22. Qg4 f6 23. Nd3 Bd6 24. Bxd6 Rxd6 25. Rfe1 e5 26. Qb4 Rfd8 27. Nf4 Qd7 28. Nxd5 Rxd5 29. Qb3 Kf8 30. Rxd5 Qxd5 31. Qc3 Qc4 32. Qxc4 bxc4 33. Kf1 Ke7 34. Re4 Rd4 35. Re3 h5 36. g3 g5 37. Ke2 h4 38. c3 Rd3 39. Rxd3 cxd3+ 40. Kxd3 hxg3 41. hxg3 f5 42. f3 Kd6 43. c4 a5 44. b4 axb4 45. axb4 Kc6 46. g4 e4+ 47. fxe4 fxg4 48. Ke3 Kd6 49. b5 Kc5 50. e5 g3 51. Kf3 Kxc4 52. b6 Kd5 53. b7 g2 54. Kxg2 Kxe5 55. b8=Q+ Kf5 56. Qf8+ Kg6 57. Kg3 Kh5 58. Qg7 g4 59. Qxg4+ 1-0

[Event "DVM U16w 2024"]
[Site "Neumuenster"]
[Date "2024.12.29"]
[Round "6"]
[White "Schmidt, Emelie"]
[Black "Grey, Paula"]
[Result "1/2-1/2"]
[ECO "D06"]
[WhiteElo "1545"]
[BlackElo "1221"]
[Annotator "NA RC"]
[PlyCount "85"]
[EventDate "2024.12.23"]
[EventType "team-tourn"]
[EventRounds "7"]
[EventCountry "GER"]
[SourceTitle "playchess.com"]
[Source "ChessBase"]
[SourceQuality "1"]
[TimeControl "40/5400+30:1800+30"]

1. d4 d5 2. c4 c6 3. Nc3 Nf6 4. Nf3 Bf5 5. Bg5 e6 6. e3 h6 7. Bf4 a6 8. a4 Bb4 9. Bd3 Ne4 10. Bxe4 Bxe4 11. O-O Bxc3 12. bxc3 dxc4 13. Ne5 b5 14. axb5 cxb5 15. Qh5 g6 16. Qh3 h5 17. Ng4 Bf5 18. Qf3 Nd7 19. Ne5 Nxe5 20. Bxe5 Rg8 21. h3 Qd5 22. Qe2 Bd3 23. Qa2 Bxf1 24. Kxf1 Kd7 25. Qa5 Rgc8 26. Qb4 a5 27. Rxa5 Rxa5 28. Qxa5 Qc6 29. Qa7+ Ke8 30. Bf6 Qc7 31. Qa3 Qb7 32. Qb4 Ra8 33. Bg7 Kd7 34. Bf6 Ke8 35. Bg7 Ra1+ 36. Ke2 Ra2+ 37. Kf1 Ra1+ 38. Ke2 Ra2+ 39. Ke1 Ra1+ 40. Ke2 Ra2+ 41. Kf1 Ra1+ 42. Ke2 Ra2+ 43. Ke1 1/2-1/2

[Event "DVM U16w 2024"]
[Site "Neumuenster"]
[Date "2024.12.29"]
[Round "6"]
[White "Sniegowski, Victoria"]
[Black "Tok, Tuana"]
[Result "1/2-1/2"]
[ECO "C47"]
[WhiteElo "1536"]
[BlackElo "1520"]
[Annotator "NA RC"]
[PlyCount "102"]
[EventDate "2024.12.23"]
[EventType "team-tourn"]
[EventRounds "7"]
[EventCountry "GER"]
[SourceTitle "playchess.com"]
[Source "ChessBase"]
[SourceQuality "1"]
[TimeControl "40/5400+30:1800+30"]

1. e4 e5 2. Nf3 Nf6 3. Nc3 Nc6 4. d4 exd4 5. Nxd4 Be7 6. Nxc6 bxc6 7. Bf4 O-O 8. Bc4 Bb4 9. f3 Bxc3+ 10. bxc3 d5 11. Be2 Bb7 12. Rb1 Rb8 13. Qd4 c5 14. Qxc5 dxe4 15. Bxc7 Qc8 16. Bd6 Qxc5 17. Bxc5 Bd5 18. O-O Bxa2 19. Rxb8 Rxb8 20. Bxa7 Rb1 21. Rxb1 Bxb1 22. c4 exf3 23. Bxf3 Bxc2 24. c5 Bf5 25. h3 h6 26. Kf2 Kh7 27. Bb7 Ne8 28. Bd5 f6 29. Bb6 g5 30. g4 Bc8 31. Be4+ Kg8 32. Bf5 Bb7 33. Bd7 Kf8 34. c6 Ba6 35. c7 Nd6 36. Bc5 Ke7 37. Bxd6+ Kxd7 38. Bh2 Bb7 39. Bg3 Be4 40. Kg1 f5 41. gxf5 Bxf5 42. Kh2 h5 43. Be5 h4 44. Kg2 g4 45. hxg4 Bxg4 46. Kf2 h3 47. Ke3 h2 48. Bxh2 Kc8 49. Kd4 Be6 50. Kc5 Bd7 51. Kd6 Be8 1/2-1/2

[Event "DVM U16w 2024"]
[Site "Neumuenster"]
[Date "2024.12.29"]
[Round "6"]
[White "Margaryan, Sofia"]
[Black "Roessling, Laura Marie"]
[Result "1-0"]
[ECO "D36"]
[WhiteElo "1532"]
[BlackElo "1607"]
[Annotator "NA RC"]
[PlyCount "73"]
[EventDate "2024.12.23"]
[EventType "team-tourn"]
[EventRounds "7"]
[EventCountry "GER"]
[SourceTitle "playchess.com"]
[Source "ChessBase"]
[SourceQuality "1"]
[TimeControl "40/5400+30:1800+30"]

1. d4 d5 2. c4 e6 3. Nc3 Nf6 4. cxd5 exd5 5. Bg5 Be7 6. e3 O-O 7. Bd3 c6 8. h3 Re8 9. Bxf6 Bxf6 10. Nf3 Nd7 11. Qc2 h6 12. O-O Nf8 13. b4 Ne6 14. b5 cxb5 15. Bxb5 Re7 16. Qb3 Nc7 17. Bd3 b6 18. a4 Re6 19. a5 Be7 20. a6 Rf6 21. Be2 Rg6 22. Ne5 Rf6 23. Rfc1 Rd6 24. Nb5 Nxb5 25. Bxb5 Be6 26. Rc3 Bf6 27. Nc6 Qf8 28. Rac1 Kh7 29. Qc2+ g6 30. Bd3 Qg7 31. f4 Bd7 32. Ne5 Bh4 33. Rc7 Be8 34. Rc8 Rxc8 35. Qxc8 Re6 36. Rc7 Qf8 37. Qxe6 1-0

[Event "DVM U16w 2024"]
[Site "Neumuenster"]
[Date "2024.12.29"]
[Round "6"]
[White "Le, Thao-Linh"]
[Black "Cao, Weiqi"]
[Result "1-0"]
[ECO "B01"]
[WhiteElo "1510"]
[BlackElo "1610"]
[Annotator "NA RC"]
[PlyCount "115"]
[EventDate "2024.12.23"]
[EventType "team-tourn"]
[EventRounds "7"]
[EventCountry "GER"]
[SourceTitle "playchess.com"]
[Source "ChessBase"]
[SourceQuality "1"]
[TimeControl "40/5400+30:1800+30"]

1. e4 d5 2. exd5 Qxd5 3. Nc3 Qd6 4. d4 Nf6 5. Nf3 c6 6. Bc4 Bg4 7. Be3 e6 8. Qe2 Be7 9. O-O-O Nbd7 10. h3 Bh5 11. Kb1 Nb6 12. Bd3 Nbd5 13. Nxd5 Nxd5 14. Bc1 Nf4 15. Bxf4 Qxf4 16. g4 Bg6 17. Ne5 Bxd3 18. Rxd3 Bf6 19. h4 Bxe5 20. dxe5 Qb4 21. Rhd1 Qe7 22. g5 Kf8 23. Rd7 Qe8 24. Qd2 g6 25. Qf4 b6 26. Rc7 f5 27. exf6 Rd8 28. Rxd8 Qxd8 29. Rxc6 Qd1+ 30. Qc1 Qd7 31. Qh1 h6 32. Rc4 hxg5 33. b3 Rxh4 34. Rxh4 gxh4 35. Qxh4 Qd1+ 36. Kb2 Qh5 37. Qd4 Qd5 38. Qxd5 exd5 39. Kc3 Kf7 40. Kd4 Kxf6 41. Kxd5 Kf5 42. c4 Kf4 43. b4 Kf5 44. c5 Kf6 45. Kd6 g5 46. c6 g4 47. c7 g3 48. fxg3 Kf5 49. c8=Q+ Ke4 50. Qc4+ Kf3 51. Ke5 b5 52. Qe4+ Kf2 53. Kf4 a5 54. Qe3+ Kg2 55. Kg4 a4 56. Qe2+ Kh1 57. Kh3 a3 58. Qf1# 1-0

[Event "DVM U16w 2024"]
[Site "Neumuenster"]
[Date "2024.12.29"]
[Round "6"]
[White "Peglau, Lorena"]
[Black "Leuchsenring, Delia"]
[Result "1-0"]
[ECO "D02"]
[WhiteElo "1508"]
[BlackElo "1500"]
[Annotator "NA RC"]
[PlyCount "131"]
[EventDate "2024.12.23"]
[EventType "team-tourn"]
[EventRounds "7"]
[EventCountry "GER"]
[SourceTitle "playchess.com"]
[Source "ChessBase"]
[SourceQuality "1"]
[TimeControl "40/5400+30:1800+30"]

1. d4 d5 2. Nf3 Nc6 3. Bf4 Nf6 4. e3 Bf5 5. c4 Nb4 6. Qa4+ Nc6 7. Nc3 e6 8. Ne5 Nd7 9. Nxc6 bxc6 10. Qxc6 Rc8 11. cxd5 exd5 12. Nxd5 Bd6 13. Be2 Bxf4 14. Nxf4 O-O 15. O-O Nf6 16. Rac1 Be4 17. Qa6 Ra8 18. Bd3 Qb8 19. b3 Bb7 20. Qc4 c6 21. Rc2 g5 22. Ne2 Ng4 23. Ng3 h5 24. Qc5 f6 25. Qf5 Rf7 26. Bc4 Qc7 27. Qg6+ Kf8 28. Qxf7+ Qxf7 29. Bxf7 Kxf7 30. Nxh5 Rh8 31. h3 Nxe3 32. fxe3 Rxh5 33. Rf5 Ke6 34. Ra5 a6 35. Rc4 Rh7 36. Kf2 Re7 37. Rcc5 Rh7 38. Kf3 Rh8 39. Ke2 Rh7 40. Kd3 Rh8 41. Rc4 Rh7 42. Rb4 Kd6 43. e4 Ke6 44. Rb6 Rd7 45. Kc3 Kf7 46. Ra4 Rc7 47. Rab4 Bc8 48. Rb8 Ke6 49. Rc4 Bb7 50. Re8+ Kf7 51. Rh8 Kg7 52. Rd8 Re7 53. Kd3 Kg6 54. Rb4 Rc7 55. Rc4 Re7 56. Rc1 Rh7 57. d5 cxd5 58. exd5 Kh5 59. Rc2 g4 60. hxg4+ Kxg4 61. Rf2 Rh6 62. d6 Kg5 63. d7 Rh1 64. Rg8+ Kh6 65. d8=Q Rd1+ 66. Rd2 1-0

[Event "DVM U16w 2024"]
[Site "Neumuenster"]
[Date "2024.12.29"]
[Round "6"]
[White "Fetahovic, Maida"]
[Black "Brauer, Celiene"]
[Result "1/2-1/2"]
[ECO "B76"]
[WhiteElo "1505"]
[BlackElo "1611"]
[Annotator "NA RC"]
[PlyCount "84"]
[EventDate "2024.12.23"]
[EventType "team-tourn"]
[EventRounds "7"]
[EventCountry "GER"]
[SourceTitle "playchess.com"]
[Source "ChessBase"]
[SourceQuality "1"]
[TimeControl "40/5400+30:1800+30"]

1. e4 c5 2. Nf3 d6 3. d4 cxd4 4. Nxd4 Nf6 5. Nc3 g6 6. f3 Bg7 7. Be3 O-O 8. Qd2 Nc6 9. g4 h5 10. gxh5 Nxh5 11. Rg1 a6 12. f4 Nxd4 13. Bxd4 e5 14. fxe5 dxe5 15. Be3 Qa5 16. Bc4 Kh7 17. O-O-O b5 18. Bd5 Rb8 19. Ba7 Bh6 20. Be3 Bg7 21. Bxf7 Rxf7 22. Qg2 Rf6 23. Nd5 Re6 24. Rdf1 Qd8 25. Bg5 Qd7 26. Bf6 Qf7 27. Bxe5 Nf6 28. Nxf6+ Bxf6 29. Bxb8 Bb7 30. Qh3+ Kg7 31. Kb1 Bxe4 32. Rg3 Bxc2+ 33. Kxc2 Re2+ 34. Kd1 Rxb2 35. Rgf3 Rb1+ 36. Ke2 Qxa2+ 37. Ke3 Bg5+ 38. Bf4 Rb3+ 39. Ke4 Rb4+ 40. Ke5 Bf6+ 41. Kd6 Rd4+ 42. Kc7 Qf7+ 1/2-1/2

[Event "DVM U16w 2024"]
[Site "Neumuenster"]
[Date "2024.12.29"]
[Round "6"]
[White "Mauhs, Helena"]
[Black "Schmidt, Neele"]
[Result "1-0"]
[ECO "C50"]
[WhiteElo "1249"]
[BlackElo "927"]
[Annotator "NA RC"]
[PlyCount "111"]
[EventDate "2024.12.23"]
[EventType "team-tourn"]
[EventRounds "7"]
[EventCountry "GER"]
[SourceTitle "playchess.com"]
[Source "ChessBase"]
[SourceQuality "1"]
[TimeControl "40/5400+30:1800+30"]

1. e4 e5 2. Nf3 Nc6 3. Bc4 Nf6 4. d3 Bc5 5. Nc3 h6 6. Be3 Bb6 7. O-O O-O 8. d4 d6 9. h3 Be6 10. d5 Bd7 11. dxc6 Bxc6 12. Bxb6 axb6 13. Re1 Re8 14. Qe2 b5 15. Bxb5 Bxb5 16. Qxb5 b6 17. Rad1 Qe7 18. Nd5 Nxd5 19. Qxd5 Ra5 20. Qc4 Rc5 21. Qb3 Qe6 22. Qxe6 Rxe6 23. Re2 c6 24. Red2 Rb5 25. b3 c5 26. Rxd6 Rxd6 27. Rxd6 f6 28. Nd2 Kf7 29. Nc4 Ke7 30. Rxb6 Rxb6 31. Nxb6 Kd6 32. c3 Kc6 33. Nd5 f5 34. Ne7+ Kd6 35. Nxf5+ Ke6 36. Nxg7+ Kf6 37. a4 Ke7 38. Nf5+ Kd7 39. Nxh6 Kc6 40. g4 Kd7 41. g5 Ke7 42. g6 Kf8 43. a5 Kg7 44. a6 Kxh6 45. a7 Kxg6 46. a8=Q Kg5 47. Qf8 Kg6 48. Qf5+ Kg7 49. h4 Kh6 50. h5 Kg7 51. Qg6+ Kf8 52. h6 Ke7 53. h7 Kd7 54. h8=R Ke7 55. Rh7+ Kf8 56. Qf7# 1-0

[Event "DVM U16w 2024"]
[Site "Neumuenster"]
[Date "2024.12.29"]
[Round "6"]
[White "Daaboul, Dima"]
[Black "Ziegler, Annabel"]
[Result "1-0"]
[ECO "C45"]
[WhiteElo "1135"]
[BlackElo "1346"]
[Annotator "NA RC"]
[PlyCount "147"]
[EventDate "2024.12.23"]
[EventType "team-tourn"]
[EventRounds "7"]
[EventCountry "GER"]
[SourceTitle "playchess.com"]
[Source "ChessBase"]
[SourceQuality "1"]
[TimeControl "40/5400+30:1800+30"]

1. e4 e5 2. Nf3 Nc6 3. d4 exd4 4. Nxd4 Nf6 5. Nc3 Bc5 6. Nb3 Bb6 7. Bg5 h6 8. Bh4 g5 9. Bg3 Qe7 10. Bd3 Nb4 11. Qe2 Nxd3+ 12. Qxd3 Nh5 13. Nd5 Qd8 14. Qc3 O-O 15. Be5 d6 16. Nf6+ Nxf6 17. Bxf6 Qe8 18. Nd2 Qe6 19. O-O Ba5 20. Qxa5 Qxf6 21. Nc4 b6 22. Qd5 Be6 23. Qd3 Rac8 24. c3 Rcd8 25. Ne3 c6 26. Rfd1 Rfe8 27. Qa6 Re7 28. Qa4 b5 29. Qd4 Qg6 30. e5 d5 31. Qc5 Rc7 32. Rd2 f6 33. exf6 Qxf6 34. Rad1 Rdd7 35. Qd4 Qg6 36. Ng4 Bxg4 37. Qxg4 h5 38. Qh3 Re7 39. Qd3 Qf6 40. Re2 Kg7 41. Rde1 a6 42. Rxe7+ Rxe7 43. Rxe7+ Qxe7 44. Qd4+ Kg6 45. Kf1 Qb7 46. Qe3 Qb8 47. Qe6+ Kg7 48. Qxc6 Qxh2 49. Qxd5 Qf4 50. Qd4+ Qxd4 51. cxd4 Kf6 52. Ke2 Ke6 53. Ke3 Kd5 54. f4 gxf4+ 55. Kxf4 Kxd4 56. Kg5 b4 57. Kxh5 Kd3 58. g4 Kc2 59. g5 Kxb2 60. g6 Kxa2 61. g7 b3 62. g8=Q Kb2 63. Qg2+ Ka3 64. Qb7 b2 65. Qxa6+ Kb3 66. Qd3+ Ka2 67. Qc2 Ka1 68. Qa4+ Kb1 69. Kg4 Kc1 70. Qc4+ Kb1 71. Kf3 Ka1 72. Qa4+ Kb1 73. Ke2 Kc1 74. Qd1# 1-0

[Event "DVM U16w 2024"]
[Site "Neumuenster"]
[Date "2024.12.29"]
[Round "6"]
[White "Neitzke, Loreley"]
[Black "Gold, Finnja"]
[Result "0-1"]
[ECO "E14"]
[WhiteElo "883"]
[BlackElo "1657"]
[Annotator "NA RC"]
[PlyCount "74"]
[EventDate "2024.12.23"]
[EventType "team-tourn"]
[EventRounds "7"]
[EventCountry "GER"]
[SourceTitle "playchess.com"]
[Source "ChessBase"]
[SourceQuality "1"]
[TimeControl "40/5400+30:1800+30"]

1. d4 Nf6 2. e3 e6 3. Nf3 b6 4. Bd3 Bb7 5. O-O Be7 6. b3 O-O 7. Bb2 d5 8. Nbd2 c5 9. c4 Nbd7 10. Ne5 Nxe5 11. dxe5 Ne8 12. Qf3 Nc7 13. e4 d4 14. h3 f6 15. g4 fxe5 16. Qg3 Rb8 17. Qxe5 Bd6 18. Qh5 g6 19. Qh6 Bf4 20. Qxf8+ Qxf8 21. Nf3 e5 22. g5 Ne6 23. h4 Ng7 24. Bc1 Nh5 25. Be2 Qe7 26. Nxe5 Qxe5 27. Bxh5 gxh5 28. Bxf4 Qxf4 29. Rae1 Bxe4 30. f3 Qg3+ 31. Kh1 Bxf3+ 32. Rxf3 Qxf3+ 33. Kg1 Qg3+ 34. Kh1 Qxe1+ 35. Kh2 Rf8 36. a4 Rf2+ 37. Kh3 Qe3# 0-1